[Event "Titled Tuesday Blitz March 01 Early 2022"]
[White "Muzzi, Eduardo"]
[Black "Dolzhykova, Kateryna"]
[WhiteFideId "3001253"]
[BlackFideId "14113414"]
[WhiteElo "1932"]
[BlackElo "2165"]
[Result "0-1"]
[Round "05"]
[TimeControl "180+1"]
[Date "2022.03.01"]
[WhiteClock "0:00:11"]
[BlackClock "0:01:44"]

1. e4 c5 2. Nf3 Nc6 3. d4 cxd4 4. Nxd4 Nf6 5. Nc3 e5 6. Ndb5 d6 7. Nd5 Nxd5 8. exd5 Nb8 9. a4 g6 10. Bd3 Bg7 11. O-O O-O 12. c3 f5 13. Be3 e4 14. Be2 f4 15. Bd4 f3 16. gxf3 Bh3 17. fxe4 Qg5+ 18. Bg4 Bxg4 19. Qc1 Qh5 20. f4 Bf3 21. Qe1 Rxf4 22. Rxf3 Qxf3 23. Nc7 Rg4+ 0-1


[Site "https://www.chess.com"]

[Event "Titled Tuesday Blitz March 01 Early 2022"]
[White "Nazari, Arad"]
[Black "Jaskolka, Tomasz"]
[WhiteFideId "12577324"]
[BlackFideId "1170791"]
[WhiteElo "2120"]
[BlackElo "2054"]
[Result "1-0"]
[Round "05"]
[TimeControl "180+1"]
[Date "2022.03.01"]
[WhiteClock "0:00:05"]
[BlackClock "0:00:04"]

1. e4 c5 2. Nf3 e6 3. d4 cxd4 4. Nxd4 Nc6 5. Nxc6 bxc6 6. Bd3 Nf6 7. O-O d5 8. Nd2 Bd6 9. f4 Qb6+ 10. Kh1 Bc7 11. e5 Nd7 12. Qg4 g6 13. Nf3 Ba6 14. b3 Bxd3 15. cxd3 Nc5 16. Be3 Qa5 17. Bxc5 Qxc5 18. Rac1 Qb5 19. Nd4 Qxd3 20. Nxc6 Qf5 21. Qh4 Bd8 22. Nxd8 Rxd8 23. Rc7 O-O 24. Rxa7 Ra8 25. Qe7 Rxa7 26. Qxa7 Rc8 27. Qd4 Qc2 28. a4 Qxb3 29. a5 Rc4 30. Qd2 Rc2 31. Qd4 Qa2 32. Rg1 Qxa5 33. h3 Rc4 34. Qe3 Re4 35. Qf3 Qb4 36. Rf1 Qd4 37. Kh2 Re3 38. Qf2 Qe4 39. Qh4 Qb4 40. Qd8+ Qf8 41. Qg5 Re4 42. h4 h6 43. Qg3 Kh7 44. Qf3 Qd8 45. g3 Qc7 46. Rf2 Qc4 47. h5 gxh5 48. Qxh5 Qd3 49. Qxf7+ Kh8 50. Qe8+ Kh7 51. Qxe6 Re3 52. Qf7+ Kh8 53. Qf8+ Kh7 54. Qe7+ Kh8 55. Qd8+ Kh7 56. Qd7+ Kg6 57. e6 Rxg3 58. Qf7# 1-0


[Site "https://www.chess.com"]

[Event "Titled Tuesday Blitz March 01 Early 2022"]
[White "Neiksans, Arturs"]
[Black "Ambartsumova, Karina"]
[WhiteFideId "11601388"]
[BlackFideId "4166299"]
[WhiteElo "2447"]
[BlackElo "2262"]
[Result "0-1"]
[Round "05"]
[TimeControl "180+1"]
[Date "2022.03.01"]
[WhiteClock "0:00:06"]
[BlackClock "0:00:11"]

1. e4 c5 2. Nf3 e6 3. g3 Nc6 4. Bg2 Qc7 5. O-O Nf6 6. Nc3 Be7 7. d3 O-O 8. Ng5 d6 9. f4 Nd4 10. g4 Bd7 11. Nh3 Bc6 12. g5 Nd7 13. f5 exf5 14. exf5 Bxg2 15. Kxg2 Qc6+ 16. Ne4 Rfe8 17. c3 d5 18. Ng3 Nb5 19. a4 Nd6 20. Kg1 d4 21. c4 Ne5 22. Bf4 Bf8 23. Bxe5 Rxe5 24. Qf3 Qxf3 25. Rxf3 Rae8 26. Raf1 Re3 27. Nf4 Rxf3 28. Rxf3 Re1+ 29. Kg2 Rb1 30. Rf2 Ra1 31. Nd5 Rxa4 32. f6 Ra2 33. fxg7 Bxg7 34. Nh5 a5 35. Re2 a4 36. Kf3 a3 37. bxa3 Rxa3 38. Nhf4 Rb3 39. Re7 Bf8 40. Rd7 b5 41. cxb5 Rxb5 42. Nf6+ Kg7 43. Kg4 c4 44. dxc4 Nxc4 45. Rxd4 Ne5+ 46. Kg3 Rb3+ 47. Kg2 Ng6 48. N4h5+ Kh8 49. Rd8 Rb5 50. Nd7 Rxg5+ 51. Ng3 Kg8 52. Kf3 h5 53. Ne4 Rf5+ 54. Ke2 h4 55. Nef6+ Kg7 56. Ne8+ Kh6 57. Nef6 Be7 58. Ng8+ Kg7 59. Nxe7 Nxe7 60. Nb6 Nc6 61. Rd6 Re5+ 62. Kf2 Ne7 63. Nd7 Rf5+ 64. Kg2 Ng6 65. Rd2 Rg5+ 66. Kf1 h3 67. Nc5 Nf4 68. Ne4 Rg4 69. Nf2 Rg2 70. Rd4 Ng6 71. Nxh3 Rxh2 72. Nf2 Rh5 73. Re4 Rf5 74. Re3 Ne5 75. Ke2 Rxf2+ 76. Kxf2 Ng4+ 77. Kf3 Nxe3 78. Kxe3 Kg6 79. Ke4 Kg5 80. Kf3 Kf5 81. Kg3 Ke4 82. Kf2 f6 83. Ke2 Kf4 84. Kf2 f5 85. Ke1 Ke3 86. Kf1 Kf3 87. Ke1 Kg2 0-1


[Site "https://www.chess.com"]

[Event "Titled Tuesday Blitz March 01 Early 2022"]
[White "Obolenskikh, Dmitry"]
[Black "Martinez Alcantara, Jose Eduardo"]
[WhiteFideId "4156013"]
[BlackFideId "3805662"]
[WhiteElo "2512"]
[BlackElo "2690"]
[Result "0-1"]
[Round "05"]
[TimeControl "180+1"]
[Date "2022.03.01"]
[WhiteClock "0:00:10"]
[BlackClock "0:00:07"]

1. e4 c5 2. Nf3 d6 3. d4 cxd4 4. Nxd4 Nf6 5. Nc3 Nc6 6. f3 e5 7. Nb3 Be7 8. Be3 Be6 9. Nd5 O-O 10. Qd2 Bxd5 11. exd5 Nb8 12. c4 Nbd7 13. Be2 a5 14. Rc1 b6 15. O-O Nh5 16. Rfd1 g6 17. Na1 Ng7 18. Rc3 Nf5 19. Bf2 Bg5 20. Qe1 Re8 21. Nc2 h5 22. Bd3 Nd4 23. Qf1 Bf6 24. Nxd4 exd4 25. Rc2 Nc5 26. Be2 Ra7 27. Bxd4 Bxd4+ 28. Rxd4 Qf6 29. Qf2 Rae7 30. Rd1 Re3 31. b3 Na6 32. Bf1 Nb4 33. Rcd2 Qe5 34. g3 Qc3 35. f4 Na6 36. Rd3 Rxd3 37. Rxd3 Qc1 38. Qxb6 Nc5 39. Rf3 Qd1 40. Kg2 Ne4 41. Qe3 Kf8 42. Qd3 Qc1 43. Re3 f5 44. Re2 Qa3 45. Qd4 Kf7 46. Kg1 Qc1 47. Qb2 Qd1 48. a3 Re7 49. b4 axb4 50. axb4 Rc7 51. Qc2 Qd4+ 52. Kg2 Rxc4 53. Qa2 Rxb4 54. Qa6 Rb2 55. Kf3 Qc3+ 56. Kg2 Qd4 57. Kf3 Rxe2 58. Qxe2 Qxd5 59. Ke3 Qc5+ 60. Kf3 d5 61. Qa6 Qf2# 0-1


[Site "https://www.chess.com"]

[Event "Titled Tuesday Blitz March 01 Early 2022"]
[White "Odegov, Artem"]
[Black "Lakshmi C"]
[WhiteFideId "34183644"]
[BlackFideId "25035347"]
[WhiteElo "2277"]
[BlackElo "1775"]
[Result "1-0"]
[Round "05"]
[TimeControl "180+1"]
[Date "2022.03.01"]
[WhiteClock "0:00:05"]
[BlackClock "0:00:05"]

1. d4 Nf6 2. c4 e6 3. Nf3 b6 4. g3 Bb7 5. Bg2 Be7 6. O-O O-O 7. d5 h6 8. Nc3 Na6 9. e4 d6 10. Re1 e5 11. Nh4 Bc8 12. Be3 Nh7 13. Nf5 Bg5 14. Qd2 Kh8 15. h4 Bf6 16. Bf3 h5 17. g4 g6 18. g5 gxf5 19. gxf6 Qxf6 20. exf5 Qxf5 21. Be4 Qh3 22. Bg5 f6 23. Re3 Qd7 24. Bh6 Rg8+ 25. Rg3 Bb7 26. Kh2 Rxg3 27. fxg3 f5 28. Bc2 Rg8 29. Rf1 f4 30. Ne4 Qg4 31. Qf2 Bc8 32. Qg2 1-0


[Site "https://www.chess.com"]

[Event "Titled Tuesday Blitz March 01 Early 2022"]
[White "Ohanyan, Emin"]
[Black "Yurtseven, Melih"]
[WhiteFideId "13312022"]
[BlackFideId "6312160"]
[WhiteElo "1809"]
[BlackElo "2160"]
[Result "1-0"]
[Round "05"]
[TimeControl "180+1"]
[Date "2022.03.01"]
[WhiteClock "0:00:05"]
[BlackClock "0:00:15"]

1. e4 c5 2. Nf3 Nc6 3. d4 cxd4 4. Nxd4 Nf6 5. Nc3 d6 6. Bg5 e6 7. Qd3 a6 8. Nxc6 bxc6 9. O-O-O h6 10. Bh4 e5 11. f4 Qc7 12. fxe5 dxe5 13. Bxf6 gxf6 14. Qf3 Be7 15. Bc4 h5 16. h3 h4 17. g4 hxg3 18. Qxg3 Bd7 19. Qg7 Rf8 20. h4 O-O-O 21. Bxa6+ Kb8 22. Bc4 Bb4 23. Qxf6 Bxc3 24. bxc3 Qa5 25. Qd6+ Ka7 26. Qb4 Qb6 27. Qxb6+ Kxb6 28. h5 Kc5 29. Bb3 f5 30. h6 f4 31. h7 Rh8 32. Rh5 Kb6 33. Rdh1 Rde8 34. Rg5 Re7 35. Bg8 Kc7 36. Rhh5 Kd6 37. Rg6+ Kc7 38. Rf6 Bc8 39. a4 Bd7 40. a5 Bc8 41. Rg5 Rhxh7 42. Bxh7 Rxh7 43. Rxe5 Rh1+ 44. Kb2 Rf1 45. Re7+ Kd8 46. Ref7 Bd7 47. Rxf4 Re1 48. e5 Be8 49. Ra7 Rxe5 50. Rf8 Rb5+ 51. Ka3 Rb8 52. Rh7 Ra8 53. Rxe8+ 1-0


[Site "https://www.chess.com"]

[Event "Titled Tuesday Blitz March 01 Early 2022"]
[White "Omelja, Artem"]
[Black "Kosakowski, Jakub"]
[WhiteFideId "14119846"]
[BlackFideId "1185080"]
[WhiteElo "2418"]
[BlackElo "2476"]
[Result "1-0"]
[Round "05"]
[TimeControl "180+1"]
[Date "2022.03.01"]
[WhiteClock "0:00:05"]
[BlackClock "0:00:07"]

1. d4 a6 2. c4 e6 3. Nf3 d5 4. cxd5 exd5 5. Nc3 Nf6 6. Bg5 Be6 7. e3 Nbd7 8. Bd3 Bd6 9. O-O c6 10. Qc2 h6 11. Bh4 Qc7 12. Rab1 O-O 13. Rfc1 Bg4 14. Bg3 Bxf3 15. gxf3 Rfe8 16. b4 Nb6 17. b5 Bxg3 18. hxg3 axb5 19. Nxb5 Qd8 20. Nd6 Qxd6 21. Rxb6 Ra7 22. Rcb1 Rea8 23. R1b2 Qc7 24. Kg2 Nd7 25. R6b3 h5 26. Qb1 b5 27. Qc2 Qd6 28. Rc3 Ra6 29. a4 bxa4 30. Bxa6 Rxa6 31. Ra2 h4 32. Rxa4 Rxa4 33. Qxa4 c5 34. dxc5 Nxc5 35. Qb4 Ne4 36. Qxd6 Nxd6 37. gxh4 Nf5 38. h5 d4 39. Rc5 g6 40. hxg6 fxg6 41. exd4 Nxd4 42. Rc7 Ne6 43. Ra7 Ng7 44. Kg3 Kh7 45. f4 Kh6 46. Kg4 Nf5 47. Ra5 Nd4 48. Rd5 Nc6 49. f5 Ne7 50. Re5 Ng8 51. fxg6 Kxg6 52. Rg5+ Kf7 53. Rxg8 Kxg8 54. Kf5 Kf7 55. f4 Ke7 56. Kg6 Ke6 57. f5+ Kd5 58. f6 1-0


[Site "https://www.chess.com"]

[Event "Titled Tuesday Blitz March 01 Early 2022"]
[White "Oparin, Grigoriy"]
[Black "Alavkin, Arseny"]
[WhiteFideId "24125890"]
[BlackFideId "4120612"]
[WhiteElo "2685"]
[BlackElo "2391"]
[Result "1-0"]
[Round "05"]
[TimeControl "180+1"]
[Date "2022.03.01"]
[WhiteClock "0:01:44"]
[BlackClock "0:01:35"]

1. d4 Nf6 2. c4 g6 3. Nf3 Bg7 4. g3 O-O 5. Bg2 d6 6. O-O Nc6 7. Nc3 Bf5 8. d5 Na5 9. b3 Ne4 10. Nxe4 Bxa1 11. Nh4 Bxe4 12. Bxe4 Bg7 13. Bd2 b6 14. Nf3 Nb7 15. h4 Nc5 16. Bc2 h5 17. Ng5 f6 18. Bxg6 fxg5 19. hxg5 Nd7 20. f4 Ne5 21. Bxh5 Qd7 22. Kg2 Qf5 23. Qb1 Qxb1 24. Rxb1 Nd7 25. Bg4 Rfd8 26. e4 Nc5 27. Kf3 a5 28. Be3 Rab8 29. Rh1 b5 30. Bxc5 dxc5 31. Be6+ Kf8 32. Kg4 bxc4 33. bxc4 Bd4 34. Rh7 Rd6 35. e5 Rxe6 36. dxe6 Rb2 37. Kf5 1-0


[Site "https://www.chess.com"]

[Event "Titled Tuesday Blitz March 01 Early 2022"]
[White "Osmonbekov, Talaibek"]
[Black "Spyropoulos, Nikolaos"]
[WhiteFideId "2017253"]
[BlackFideId "4298977"]
[WhiteElo "2135"]
[BlackElo "2159"]
[Result "1-0"]
[Round "05"]
[TimeControl "180+1"]
[Date "2022.03.01"]
[WhiteClock "0:00:16"]
[BlackClock "0:02:45"]

1. d4 Nf6 2. Nc3 d5 3. Bf4 c5 4. e3 Nc6 5. Nb5 e5 6. Bxe5 Nxe5 7. dxe5 Ne4 8. Qxd5 Qa5+ 9. c3 Bf5 10. Qxb7 Rc8 11. g4 1-0


[Site "https://www.chess.com"]

[Event "Titled Tuesday Blitz March 01 Early 2022"]
[White "Ovezdurdyyeva, Jemal"]
[Black "Gracia Alvarez, Gerardo Antonio"]
[WhiteFideId "14001888"]
[BlackFideId "5109124"]
[WhiteElo "1946"]
[BlackElo "2139"]
[Result "0-1"]
[Round "05"]
[TimeControl "180+1"]
[Date "2022.03.01"]
[WhiteClock "0:00:21"]
[BlackClock "0:00:59"]

1. e4 c5 2. Nf3 Nc6 3. d4 cxd4 4. Nxd4 Nf6 5. Nc3 e5 6. Ndb5 a6 7. Nd6+ Bxd6 8. Qxd6 Qe7 9. Qxe7+ Kxe7 10. Bc4 h6 11. O-O d6 12. f4 Be6 13. Nd5+ Bxd5 14. exd5 Na5 15. fxe5 dxe5 16. d6+ Ke8 17. Be2 Rd8 18. b3 Rxd6 19. Ba3 Rd7 20. Bf3 Nc6 21. Rfe1 Kd8 22. Bxc6 bxc6 23. Rxe5 Re8 24. Rxe8+ Nxe8 25. Bb4 Nf6 26. Re1 Nd5 27. Ba5+ Kc8 28. c4 Nf4 29. g3 Nd3 30. Re8+ Kb7 31. Rg8 g6 32. Re8 Nc1 33. Re1 Nd3 34. Rd1 c5 35. Rd2 Kc6 36. Kg2 f5 37. Bc3 g5 38. Re2 Rd6 39. Kf3 f4 40. Kg4 Nc1 41. Rc2 Nd3 42. Kh5 f3 43. Rc1 Nxc1 0-1


[Site "https://www.chess.com"]

[Event "Titled Tuesday Blitz March 01 Early 2022"]
[White "Ozer, Omer Faruk"]
[Black "Jarocka, Liwia"]
[WhiteFideId "6354564"]
[BlackFideId "21807558"]
[WhiteElo "2050"]
[BlackElo "1896"]
[Result "1-0"]
[Round "05"]
[TimeControl "180+1"]
[Date "2022.03.01"]
[WhiteClock "0:00:18"]
[BlackClock "0:00:15"]

1. e4 c5 2. Nc3 d6 3. Nf3 Nc6 4. Bb5 Bd7 5. O-O Nf6 6. Re1 e5 7. d3 Be7 8. Bg5 O-O 9. h3 a6 10. Bc4 Nd4 11. Bxf6 Bxf6 12. a3 Be6 13. Nd5 b5 14. Ba2 Rc8 15. c3 Nxf3+ 16. Qxf3 Bxd5 17. Bxd5 Kh8 18. a4 Qd7 19. axb5 axb5 20. Ra6 Bd8 21. Rea1 Qe7 22. Qg4 Rb8 23. Ra7 Bc7 24. R1a6 Qd8 25. Rc6 Ba5 26. Rd7 Qe8 27. Rcxd6 b4 28. cxb4 Bxb4 29. Ra7 c4 30. Rdd7 cxd3 31. Rxf7 Rxf7 32. Rxf7 Bf8 33. Qd1 Rxb2 34. Qxd3 Rb8 35. Qg3 Rd8 36. Rb7 Qg6 37. Qf3 Qf6 38. Qg4 Bc5 39. Rf7 Qg6 40. g3 Qxg4 41. hxg4 g6 42. Kg2 Bd4 43. f4 Rb8 44. g5 exf4 45. gxf4 Bg7 46. e5 Rf8 47. Kf3 Rxf7 48. Bxf7 Bf8 49. Ke4 Kg7 50. Bd5 Bc5 51. Kf3 h6 52. Kg4 hxg5 53. Kxg5 Be7+ 54. Kg4 g5 55. f5 Bd8 56. Kh5 Be7 57. Bf3 Bd8 58. Kg4 Bc7 59. f6+ Kg6 60. Be4+ Kf7 61. Kf5 g4 62. e6+ Ke8 63. Bc6+ Kf8 64. e7+ 1-0


[Site "https://www.chess.com"]

[Event "Titled Tuesday Blitz March 01 Early 2022"]
[White "P., Komal Kishore"]
[Black "Costachi, Mihnea"]
[WhiteFideId "5016703"]
[BlackFideId "1217518"]
[WhiteElo "2084"]
[BlackElo "2464"]
[Result "0-1"]
[Round "05"]
[TimeControl "180+1"]
[Date "2022.03.01"]
[WhiteClock "0:00:01"]
[BlackClock "0:00:58"]

1. e4 c5 2. Nf3 Nc6 3. Bb5 g6 4. O-O Bg7 5. c3 Nf6 6. e5 Nd5 7. d4 cxd4 8. cxd4 O-O 9. Nc3 Nxc3 10. bxc3 d6 11. exd6 Qxd6 12. a4 Bf5 13. Re1 Rac8 14. Ba3 Qd5 15. Rc1 Rfe8 16. c4 Qd8 17. d5 a6 18. dxc6 axb5 19. Qxd8 Rcxd8 20. cxb5 bxc6 21. bxc6 e5 22. c7 Ra8 23. Bd6 e4 24. Nh4 Bd7 25. g3 Rxa4 26. Rb1 Rd4 27. Rb8 Bc8 28. Bf4 f6 29. Ng2 g5 30. Be3 Rc4 31. Rc1 Rxc1+ 32. Bxc1 Bf8 33. Be3 Bd6 34. Bb6 Kf7 35. Ne3 Ke6 36. Nc4 Be7 37. Na5 Kd5 38. Kf1 f5 39. Ke2 Bd6 40. Ke3 f4+ 41. gxf4 gxf4+ 42. Ke2 Ba6+ 43. Ke1 Rxb8 0-1


[Site "https://www.chess.com"]

[Event "Titled Tuesday Blitz March 01 Early 2022"]
[White "Panesar Vedant"]
[Black "Domingo Nunez, Alejandro"]
[WhiteFideId "35033018"]
[BlackFideId "22245561"]
[WhiteElo "1971"]
[BlackElo "2215"]
[Result "1-0"]
[Round "05"]
[TimeControl "180+1"]
[Date "2022.03.01"]
[WhiteClock "0:00:22"]
[BlackClock "0:00:09"]

1. e4 c6 2. d4 g6 3. Nf3 Bg7 4. Bd3 d6 5. c3 Nd7 6. O-O e5 7. Bg5 Ngf6 8. Nbd2 O-O 9. Re1 Qc7 10. dxe5 dxe5 11. Qc2 h6 12. Bh4 Nc5 13. Bf1 Re8 14. b4 Ne6 15. Nc4 Nh5 16. Nfd2 Nef4 17. f3 Be6 18. Bf2 g5 19. Nb3 b6 20. a4 c5 21. bxc5 bxc5 22. Red1 Kf8 23. Nxc5 Kg8 24. Nxe6 Nxe6 25. Nd6 Red8 26. Nb5 Qb7 27. Rxd8+ Nxd8 28. Rd1 a6 29. Nd6 Qc6 30. Nf5 Bf8 31. Rd5 Nf4 32. Rd1 Nde6 33. g3 Ng6 34. Kg2 Rc8 35. c4 Kh7 36. Rd5 Nc7 37. Rd1 Ne6 38. Qb2 Bd6 39. Rxd6 Qxa4 40. c5 Qa5 41. Qd2 Qc7 42. Bxa6 Rf8 43. Rd7 Qc6 44. Bc4 Nxc5 45. Bxc5 Qxc5 46. Rxf7+ Rxf7 47. Bxf7 Nf8 48. Bd5 Qa3 49. h4 gxh4 50. Qxh6# 1-0


[Site "https://www.chess.com"]

[Event "Titled Tuesday Blitz March 01 Early 2022"]
[White "Pasti, Aron"]
[Black "Butti, Enrique"]
[WhiteFideId "785857"]
[BlackFideId "3700470"]
[WhiteElo "2080"]
[BlackElo "2080"]
[Result "0-1"]
[Round "05"]
[TimeControl "180+1"]
[Date "2022.03.01"]
[WhiteClock "0:00:03"]
[BlackClock "0:00:34"]

1. e4 c5 2. Nf3 d6 3. d4 cxd4 4. Nxd4 Nf6 5. Nc3 a6 6. Be2 e6 7. Be3 Nbd7 8. O-O b5 9. a3 Bb7 10. f3 Rc8 11. Qd2 Be7 12. Rad1 O-O 13. b4 Ne5 14. f4 Nc4 15. Bxc4 Rxc4 16. e5 dxe5 17. fxe5 Nd5 18. Nxd5 Qxd5 19. Nf3 Rfc8 20. Qf2 Qe4 21. Ng5 Qg6 22. Nxf7 Rxc2 23. Rd2 Rxd2 24. Qxd2 Rc2 25. Qxc2 Qxc2 26. Rf2 Qd1+ 27. Rf1 Qg4 28. Rf2 Qe4 29. Bf4 Kxf7 30. Bg5+ Ke8 31. Bxe7 Kxe7 32. Kf1 Qxe5 0-1


[Site "https://www.chess.com"]

[Event "Titled Tuesday Blitz March 01 Early 2022"]
[White "Piesik, Piotr"]
[Black "Muhammed, Shuaau"]
[WhiteFideId "1136194"]
[BlackFideId "16700406"]
[WhiteElo "2232"]
[BlackElo "1674"]
[Result "1-0"]
[Round "05"]
[TimeControl "180+1"]
[Date "2022.03.01"]
[WhiteClock "0:00:30"]
[BlackClock "0:00:16"]

1. Nf3 g6 2. g3 Bg7 3. d4 Nf6 4. Bg2 O-O 5. O-O d5 6. c4 c6 7. Nc3 Bf5 8. cxd5 Nxd5 9. Qb3 Nxc3 10. bxc3 Qb6 11. Nd2 Qxb3 12. axb3 e5 13. e3 Nd7 14. Ba3 Rfe8 15. Rfc1 a6 16. Nc4 exd4 17. cxd4 Be6 18. Na5 Rab8 19. Bd6 Rbc8 20. Nxb7 Bxb3 21. Rxa6 Bd5 22. Bf4 Bxg2 23. Kxg2 Bf8 24. Raxc6 Rxc6 25. Rxc6 Nb8 26. Bxb8 Rxb8 27. Rc7 Ra8 28. Nc5 Ra2 29. Nd3 Bd6 30. Rd7 Ra6 31. Kf3 Kf8 32. h3 Ke8 33. Rb7 h5 34. g4 h4 35. Ke4 Ra1 36. Kd5 Bh2 37. f4 g5 38. Ke4 gxf4 39. Nxf4 Bxf4 40. Kxf4 Rh1 41. Rb8+ Ke7 42. Rh8 Rxh3 43. e4 Rh1 44. Rh6 Kf8 45. g5 Ke7 46. d5 Kf8 47. Kg4 Re1 48. Kf5 Rf1+ 49. Ke5 Rh1 50. g6 fxg6 51. Rxg6 h3 52. Rh6 h2 53. d6 Kg7 54. Rh3 Kf7 55. Rh4 Ke8 56. Ke6 Kf8 57. d7 Re1 58. d8=Q+ Kg7 1-0


[Site "https://www.chess.com"]

[Event "Titled Tuesday Blitz March 01 Early 2022"]
[White "Piliczewski, Bogusz"]
[Black "Sikorova, Olga"]
[WhiteFideId "1104144"]
[BlackFideId "307033"]
[WhiteElo "1896"]
[BlackElo "2187"]
[Result "1-0"]
[Round "05"]
[TimeControl "180+1"]
[Date "2022.03.01"]
[WhiteClock "0:00:52"]
[BlackClock "0:01:16"]

1. d4 Nf6 2. Nf3 g6 3. Bf4 Bg7 4. e3 O-O 5. h3 c5 6. c3 b6 7. Be2 Bb7 8. O-O d6 9. Nbd2 Nbd7 10. a4 a6 11. Bh2 Ra7 12. b4 Qa8 13. Qb3 Rc8 14. Bc4 Bd5 15. Bxd5 Qxd5 16. Qxd5 Nxd5 17. bxc5 bxc5 18. c4 Nb4 19. Rab1 a5 20. Rfc1 Rb7 21. Nb3 Ra8 22. Rd1 cxd4 23. exd4 Nb6 24. Nxa5 Rxa5 25. Rxb4 Rxa4 26. Rdb1 Rxb4 27. Rxb4 Rb8 28. c5 Nd7 29. Rxb8+ Nxb8 30. cxd6 exd6 31. Bxd6 Nc6 32. Bc5 f5 33. Kf1 Kf7 34. Ke2 Ke6 35. Kd3 Kd5 36. Bb6 f4 37. g3 fxg3 38. fxg3 Ne7 39. Ng5 Nf5 40. Nxh7 Nxd4 41. Bxd4 Bxd4 42. Nf8 Bf2 43. g4 g5 44. Nh7 Bh4 45. Nf6+ Ke5 46. Nh5 Be1 47. Ke3 Ba5 48. Ng3 Bb6+ 49. Kf3 Bd8 50. Ne4 Kd4 51. Nd6 Ke5 52. Nf7+ 1-0


[Site "https://www.chess.com"]

[Event "Titled Tuesday Blitz March 01 Early 2022"]
[White "Pischal, Yulia"]
[Black "Tsyhanchuk, Stanislav"]
[WhiteFideId "14102390"]
[BlackFideId "13505130"]
[WhiteElo "1931"]
[BlackElo "2078"]
[Result "0-1"]
[Round "05"]
[TimeControl "180+1"]
[Date "2022.03.01"]
[WhiteClock "0:00:51"]
[BlackClock "0:01:19"]

1. e4 c6 2. d3 d5 3. Nd2 g6 4. g3 Bg7 5. Bg2 Nf6 6. e5 Ng4 7. d4 Qb6 8. c3 f6 9. h3 Nxf2 10. Kxf2 fxe5 11. Ndf3 O-O 12. Ke1 e4 13. Nh2 e5 14. Ne2 exd4 15. cxd4 c5 16. Be3 Qxb2 17. Rb1 Qxa2 18. Ng4 Nc6 19. Nc3 Qxg2 0-1


[Site "https://www.chess.com"]

[Event "Titled Tuesday Blitz March 01 Early 2022"]
[White "Ponkratov, Pavel"]
[Black "Kretov, Evgenij"]
[WhiteFideId "4157800"]
[BlackFideId "4167821"]
[WhiteElo "2487"]
[BlackElo "2303"]
[Result "1-0"]
[Round "05"]
[TimeControl "180+1"]
[Date "2022.03.01"]
[WhiteClock "0:01:09"]
[BlackClock "0:00:07"]

1. c4 Nf6 2. Nc3 c5 3. Nf3 e6 4. d4 cxd4 5. Nxd4 a6 6. e4 Qc7 7. a3 Nc6 8. Be3 Ne5 9. Rc1 Bc5 10. Be2 O-O 11. f4 Ng6 12. e5 Ne8 13. Ne4 b6 14. b4 Be7 15. O-O Bb7 16. Qc2 f5 17. Nd2 Rc8 18. Qa2 Ba8 19. N2f3 Nh4 20. Nxh4 Bxh4 21. c5 bxc5 22. Rxc5 Qb7 23. Bf3 Qb8 24. Nxe6 Rf7 25. Rxc8 Qxc8 26. Nd4 Bxf3 27. Nxf3 Bd8 28. Rc1 Qb7 29. e6 dxe6 30. Qxe6 Nc7 31. Qc4 Qd5 32. Ne5 Qxc4 33. Rxc4 Rf8 34. Bb6 Ne6 35. Bxd8 Rxd8 36. g3 h6 37. Rc6 Rd1+ 38. Kf2 Nd4 39. Rxa6 Nc2 40. Ke2 Rh1 41. h4 Rh2+ 42. Kd3 Ne1+ 43. Kc4 Rh3 44. b5 Rxg3 45. h5 Kf8 46. b6 Nf3 47. Nxf3 Rxf3 48. b7 Rxf4+ 49. Kc5 1-0


[Site "https://www.chess.com"]

[Event "Titled Tuesday Blitz March 01 Early 2022"]
[White "Prieto Aranguren, Alain"]
[Black "Politov, Pavel Y."]
[WhiteFideId "2268906"]
[BlackFideId "24110515"]
[WhiteElo "2235"]
[BlackElo "2090"]
[Result "0-1"]
[Round "05"]
[TimeControl "180+1"]
[Date "2022.03.01"]
[WhiteClock "0:00:05"]
[BlackClock "0:00:22"]

1. d4 d5 2. c4 dxc4 3. e3 e6 4. Bxc4 c5 5. Nf3 a6 6. O-O Nf6 7. Nc3 Nc6 8. dxc5 Bxc5 9. Qxd8+ Kxd8 10. b3 b6 11. Bb2 Bb7 12. Rac1 Bd6 13. Rfd1 Ke7 14. Be2 Rhd8 15. Na4 b5 16. Nc5 Bxc5 17. Rxc5 Rxd1+ 18. Bxd1 Rd8 19. Be2 Ne4 20. Rc1 f6 21. Kf1 Kf7 22. Nd4 Nxd4 23. Bxd4 Rd7 24. Ke1 e5 25. Bb6 Ke6 26. Rc7 Rxc7 27. Bxc7 Nc3 28. a4 bxa4 29. bxa4 Nxa4 30. Bc4+ Kd7 31. Ba5 Bxg2 32. Bxa6 Nc5 33. Bc4 Be4 34. Kf1 Bd3+ 35. Bxd3 Nxd3 36. Ke2 e4 37. Bb6 Ke6 38. Bd4 Kf5 39. Kf1 Kg4 40. Kg2 Ne1+ 41. Kf1 Nf3 42. Bc5 Kh3 43. Bd6 Nxh2+ 44. Kg1 Nf3+ 45. Kf1 g5 46. Bg3 Kg4 47. Kg2 h5 48. Bd6 h4 49. Be7 h3+ 50. Kh1 f5 51. Bxg5 Nxg5 52. f4 exf3 53. e4 f2 54. Kh2 f1=Q 55. exf5 Qg2# 0-1


[Site "https://www.chess.com"]

[Event "Titled Tuesday Blitz March 01 Early 2022"]
[White "Putri, Regita Desyari"]
[Black "Mena, Ailen Oriana"]
[WhiteFideId "7109083"]
[BlackFideId "3902773"]
[WhiteElo "1930"]
[BlackElo "1534"]
[Result "0-1"]
[Round "05"]
[TimeControl "180+1"]
[Date "2022.03.01"]
[WhiteClock "0:00:22"]
[BlackClock "0:00:10"]

1. d4 d5 2. c4 e6 3. Nf3 Be7 4. Nc3 Nf6 5. Bf4 O-O 6. e3 b6 7. cxd5 Nxd5 8. Nxd5 Qxd5 9. a3 c5 10. Be2 Bb7 11. O-O Nd7 12. Rc1 Nf6 13. Bc4 Qh5 14. Be2 Qd5 15. dxc5 Bxc5 16. b4 Be7 17. Qxd5 Nxd5 18. Bg3 Rac8 19. Nd4 a5 20. bxa5 bxa5 21. a4 Nb4 22. Bb5 Rfd8 23. h3 h6 24. Rfd1 Na2 25. Rxc8 Rxc8 26. Rd2 Nc3 27. Rc2 Be4 28. Rd2 Bb4 29. Kh2 Nxb5 30. Rb2 Nxd4 31. exd4 Rc2 32. Rb3 Ra2 33. Re3 Bd5 34. Be5 Rxa4 35. Rg3 Bf8 36. Rc3 Rc4 37. Ra3 a4 38. Ra1 a3 39. Rb1 Rb4 40. Rc1 Bc4 41. d5 exd5 42. Bc3 Rb3 43. Ba1 a2 44. Rc2 Rb1 45. Be5 a1=Q 46. Bxa1 Rxa1 47. Rb2 g6 48. f4 Bd6 49. Rf2 Bd3 50. g3 Be4 51. g4 Rh1+ 52. Kg3 g5 53. Rf3 Bxf4+ 54. Rxf4 gxf4+ 55. Kxf4 Bb1 56. Ke5 Ba2 57. Kd4 Rxh3 58. Ke5 Rg3 59. Kf5 Rf3+ 60. Ke5 Rf1 0-1


[Site "https://www.chess.com"]

[Event "Titled Tuesday Blitz March 01 Early 2022"]
[White "Romanchuk, Viktor"]
[Black "Miszler, Levente"]
[WhiteFideId "14109271"]
[BlackFideId "763276"]
[WhiteElo "2242"]
[BlackElo "1966"]
[Result "0-1"]
[Round "05"]
[TimeControl "180+1"]
[Date "2022.03.01"]
[WhiteClock "0:01:50"]
[BlackClock "0:01:02"]

1. d4 e6 2. c4 Nf6 3. Nc3 d5 4. Nf3 Be7 5. Bf4 c6 6. e3 O-O 7. Qc2 Nbd7 8. cxd5 exd5 9. Bd3 Re8 10. O-O Nf8 11. h3 Ng6 12. Bh2 Bd6 13. Bxd6 Qxd6 14. Rab1 Ne7 15. b4 g6 16. Na4 Bf5 17. Bxf5 Nxf5 18. Nc5 Ne4 19. Nxb7 Qe7 20. Na5 Ng5 21. Nxg5 Qxg5 22. Nxc6 Rac8 23. b5 Nh4 24. f4 Qg3 25. Qf2 Qxe3 26. Nxa7 Rc2 27. Qxe3 Rxg2+ 28. Kh1 Rxe3 29. Rb3 Ree2 30. Rff3 Rh2+ 31. Kg1 Reg2+ 32. Kf1 Rh1# 0-1


[Site "https://www.chess.com"]

[Event "Titled Tuesday Blitz March 01 Early 2022"]
[White "Rudzinska, Michalina"]
[Black "Buscar, Michael"]
[WhiteFideId "1172883"]
[BlackFideId "2603616"]
[WhiteElo "1904"]
[BlackElo "2010"]
[Result "0-1"]
[Round "05"]
[TimeControl "180+1"]
[Date "2022.03.01"]
[WhiteClock "0:00:10"]
[BlackClock "0:00:29"]

1. e4 c5 2. Nf3 e6 3. d4 cxd4 4. Nxd4 Nc6 5. Nxc6 bxc6 6. Bd3 Qc7 7. O-O Nf6 8. Qe2 e5 9. f4 Bd6 10. f5 Bc5+ 11. Kh1 d5 12. Bg5 h6 13. Bxf6 gxf6 14. Nd2 Rb8 15. b3 Bd4 16. Rad1 Bc3 17. Nf3 Ke7 18. Qe3 Qb6 19. Qxb6 axb6 20. Nd2 Rg8 21. Nb1 Bb4 22. c3 Bd6 23. Bc2 Bb7 24. b4 Rg4 25. Nd2 Ra8 26. Bb3 dxe4 27. h3 Rh4 28. Rfe1 c5 29. Nc4 Bc7 30. bxc5 bxc5 31. Ne3 Rd8 32. Rxd8 Bxd8 33. Nd5+ Kd6 34. Rd1 c4 35. Bxc4 Kc5 36. Bb3 e3 37. Kh2 e2 38. Re1 Re4 39. c4 Bxd5 40. cxd5 Ba5 41. Rc1+ Kd6 42. Rc6+ Kd7 43. Rxf6 Ke7 44. Ra6 e1=Q 45. f6+ Kd7 46. Ra7+ Bc7 47. Ba4+ Rxa4 0-1


[Site "https://www.chess.com"]